 Dungeon Crawl Stone Soup version 0.27.1 (webtiles) character file.

Game seed: 5175078507415625852

36 MajorAdolf the Skirmisher (level 3, 0/42 HPs)
             Began as a Naga Wanderer on Aug 22, 2021.
             Slain by a gnoll (4 damage)
             ... on level 2 of the Dungeon.
             The game lasted 00:02:57 (1258 turns).

MajorAdolf the Skirmisher (Naga Wanderer)           Turns: 1258, Time: 00:02:58

Health: 0/42       AC:  6    Str: 12    XL:     3   Next: 37%
Magic:  3/3        EV:  9    Int: 13    God:
Gold:   107        SH:  0    Dex: 12    Spells: 2/2 levels left

rFire    . . .     SeeInvis +   a - +1 spear
rCold    . . .     Faith    .   (no shield)
rNeg     . . .     Spirit   .   d - +0 robe
rPois    +         Reflect  .   (no helmet)
rElec    .         Harm     .   (no cloak)
rCorr    .         Rampage  .   (no gloves)
Will     .....                  (no barding)
Stlth    ++........             (no amulet)
HPRegen  0.14/turn              f - +4 ring of protection
MPRegen  0.08/turn              (no ring)

@: short of breath, very slow
A: AC +1, large, see invisible, deformed body, poison resistance, slowness 2,
spit poison 1, naga tail 1
a: Spit Poison


You were on level 2 of the Dungeon.
You visited 1 branch of the dungeon, and saw 2 of its levels.

You collected 107 gold pieces.

Inventory:

Hand Weapons
 a - a +1 spear (weapon)
Armour
 d - a +0 robe (worn)
Jewellery
 f - a +4 ring of protection (left hand)
Wands
 h - a wand of charming (5)
Potions
 g - 2 potions of flight {unknown}
Miscellaneous
 b - a condenser vane (inert) (quivered)


   Skills:
 - Level 6.3 Fighting
 - Level 1.5 Armour
 - Level 1.5 Stealth
 + Level 1.2 Conjurations
 + Level 1.2 Fire Magic
 - Level 1.0 Evocations


You had 2 spell levels left.
You didn't know any spells.
Your spell library contained the following spells:

 Spells                   Type           Power      Damage    Failure   Level
 Fireball                 Conj/Fire      1%         3d3       99%         5
 Starburst                Conj/Fire      1%         6d3       100%        6
 Ignition                 Fire           1%         3d3       100%        8


Dungeon Overview and Level Annotations

Branches:
Dungeon (2/15)

Altars:


Innate Abilities, Weirdness & Mutations

Your serpentine skin is tough. (AC +1)
You have supernaturally acute eyesight. (SInv)
Armour fits poorly on your strangely shaped body.
Your system is resistant to poisons. (rPois)
You cover ground very slowly.
You can spit poison.
You have a snake-like lower body.


Message History

The gnoll enters a dispersal trap!
The gnoll blinks!
You blink.
The gnoll closely misses you.
Unknown command.
Okay, then.
The gnoll hits you from afar with a +0 spear.
The gnoll hits you from afar with a +0 spear.
* * * LOW HITPOINT WARNING * * *
Unknown command.
Found a pair of embroidered boots.
The gnoll hits you from afar with a +0 spear.
* * * LOW HITPOINT WARNING * * *
The gnoll hits you but does no damage.
Press: ? - help, Shift-Dir - straight line, f/p - gnoll
Aim: a gnoll, wielding a +0 spear The splash of poison hits the gnoll!
The gnoll is heavily wounded.
The gnoll hits you but does no damage. The gnoll completely misses you.
Unknown command.
An adder comes into view.
Found 25 stones.
You see here a +1 pair of boots.
You have got your breath back.
The gnoll closely misses you.
Press: ? - help, Shift-Dir - straight line, f/p - gnoll
Aim: a gnoll, wielding a +0 spear The splash of poison hits the gnoll.
The gnoll is poisoned.
The gnoll is lightly wounded.
The adder hisses angrily.
The gnoll hits you from afar with a +0 spear.
* * * LOW HITPOINT WARNING * * *
You hit the adder.
The adder is moderately wounded.
The adder barely misses you. The adder closely misses you.
The gnoll hits you from afar with a +0 spear.
* * * LOW HITPOINT WARNING * * *
You barely miss the adder.
The adder is moderately wounded.
The adder barely misses you.
The gnoll hits you from afar with a +0 spear.
You die...

....#########....####.........##.
....................+.>.......)..
....#########....####.........##.
.....<...# #g#.## ##.......###.
.#.#####.# #.### ##.....## ##
.#.# #.# #g#### ##...## .#.###
#.# #..g.# ##+# .#...# #.# ####.#
.###.# #.# #@# .# #.# #.# #S#
.###.###.# #.# .........# #.#
####.##### #.# ####.# #(# .....#
#.. ###### ###


You could see a gnoll (poisoned) and an adder.

Vanquished Creatures
  2 gnolls (D:2)
  A bat (D:1)
  4 goblins
  A hobgoblin (D:1)
  4 kobolds (D:1)
  A frilled lizard (D:1)
  2 rats (D:1)
15 creatures vanquished.

Notes
Turn   | Place    | Note
-------+----------+-------------------------------------------
     0 | D:1      | MajorAdolf the Naga Wanderer began the quest for the Orb.
     0 | D:1      | MajorAdolf set off with the following items: a +0 spear, a
                  | condenser vane, a potion of curing, a +0 robe
     0 | D:1      | Reached XP level 1. HP: 26/26 MP: 1/1
   475 | D:1      | Reached XP level 2. HP: 33/33 MP: 2/2
  1163 | D:2      | Reached XP level 3. HP: 42/42 MP: 3/3
  1218 | D:2      | Reached skill level 1 in Conjurations
  1218 | D:2      | Reached skill level 1 in Fire Magic
  1258 | D:2      | Slain by a gnoll

Illustrated notes

Levels and vault maps discovered:
D:1:      mushboom_english_gardens, layout_basic, hex_tiny
D:2:      layout_loops_corners

Skill      XL: |  1  2  3 |
---------------+----------+-----
Conjurations   | 1 |  1.2
Fire Magic     | 1 |  1.2
Fighting       | |  6.3
Armour         | |  1.5
Stealth        | |  1.5
Evocations     | |  1.0

Action                   || total
-------------------------++-------
Melee: Spear             ||    46
 Abil: Spit Poison       ||    14
Evoke: Condenser vane    ||     1
  Use: Scroll            ||     1
       Potion            ||     1
 Stab: Sleeping          ||     1
Armor: Robe              ||     9
Dodge: Dodged            ||    37
